TOP OF THE 1ST |
Red Deer Wranglers batting - Pitching for Balzac Rams : RHP John Wells
|
Pitching: RHP John Wells
|
|
Batting: RHB Xavier López
|
0-0: Called Strike 0-1: Ball 1-1: Called Strike 1-2: Foul Ball, location: 2F 1-2: Foul Ball, location: 2F 1-2: Strikes out looking
|
Batting: LHB Jorge Olvera
|
0-0: Swinging Strike 0-1: Foul Ball, location: 2F 0-2: Strikes out swinging
|
Batting: RHB Paul Swift
|
0-0: Ball 1-0: Called Strike 1-1: DOUBLE (Line Drive, 78D)
|
Batting: LHB Fred Abrams
|
0-0: Ball 1-0: Called Strike 1-1: Ball 2-1: Called Strike 2-2: Strikes out looking
|
Top of the 1st over - 0 run(s), 1 hit(s), 0 error(s), 1 left on base; Red Deer 0 - Balzac 0 |
BOTTOM OF THE 1ST |
Balzac Rams batting - Pitching for Red Deer Wranglers : RHP José Ramos
|
Pitching: RHP José Ramos
|
|
Batting: RHB Luis Suárez
|
0-0: Ball 1-0: SINGLE (Groundball, 6MD)
|
Batting: LHB Troy Jackson
|
0-0: Ball 1-0: Fielders Choice at 2nd, 1-6 (Groundball, 13S)
|
Batting: RHB Tommy Wilson
|
0-0: Ball 1-0: 2-RUN HOME RUN (Flyball, 7D), Distance : 426 ft
|
Batting: RHB James Tucker
|
0-0: Called Strike 0-1: Ball 1-1: Ball 2-1: Ball 3-1: Foul Ball, location: 2F 3-2: Base on Balls
|
Batting: LHB Carlos Romero
|
0-0: Called Strike 0-1: Ball 1-1: Ball 2-1: Called Strike 2-2: Strikes out swinging
|
Batting: RHB Brian Parks
|
0-0: Ball 1-0: Swinging Strike 1-1: Called Strike 1-2: Strikes out swinging
|
Bottom of the 1st over - 2 run(s), 2 hit(s), 0 error(s), 1 left on base; Red Deer 0 - Balzac 2 |
TOP OF THE 2ND |
Red Deer Wranglers batting - Pitching for Balzac Rams : RHP John Wells
|
Batting: RHB Luis Ibarra
|
0-0: Called Strike 0-1: Foul Ball, location: 2F 0-2: Ground out 5-3 (Groundball, 56)
|
Batting: LHB Alejandro Rojas
|
0-0: Ball 1-0: Foul Ball, location: 2F 1-1: Ball 2-1: Ball 3-1: Base on Balls
|
Batting: SHB Robbie Rhodes
|
0-0: Ball 1-0: Fly out, F9 (Flyball, 9S)
|
Batting: LHB Héctor Santos
|
0-0: Called Strike Alejandro Rojas steals 2nd base 0-1: Called Strike 0-2: Ball 1-2: Strikes out swinging
|
Top of the 2nd over - 0 run(s), 0 hit(s), 0 error(s), 1 left on base; Red Deer 0 - Balzac 2 |
BOTTOM OF THE 2ND |
Balzac Rams batting - Pitching for Red Deer Wranglers : RHP José Ramos
|
Batting: RHB Ricardo Muñóz
|
0-0: Foul Ball, location: 2F 0-1: Ball 1-1: Foul Ball, location: 2F 1-2: Hit by Pitch
|
Batting: RHB Gerald Arnold
|
0-0: Called Strike 0-1: Ground out 5-3 (Groundball, 5S) Ricardo Muñóz to second
|
Batting: RHB Santiago Rivera
|
0-0: Called Strike 0-1: Swinging Strike 0-2: Strikes out looking
|
Batting: RHB Luis Suárez
|
0-0: Ball 1-0: Called Strike 1-1: Ball 2-1: Called Strike 2-2: Foul Ball, location: 2F 2-2: Strikes out swinging
|
Bottom of the 2nd over - 0 run(s), 0 hit(s), 0 error(s), 1 left on base; Red Deer 0 - Balzac 2 |
TOP OF THE 3RD |
Red Deer Wranglers batting - Pitching for Balzac Rams : RHP John Wells
|
Batting: RHB Steve Burton
|
0-0: Called Strike 0-1: Fly out, F8 (Flyball, 8LD)
|
Batting: RHB Xavier López
|
0-0: Ground out 5-3 (Groundball, 56)
|
Batting: LHB Jorge Olvera
|
0-0: Foul Ball, location: 2F 0-1: Foul Ball, location: 2F 0-2: Ball 1-2: SINGLE (Flyball, 8LS)
|
Batting: RHB Paul Swift
|
0-0: Ball 1-0: Ball 2-0: Fly out, F8 (Flyball, 89M)
|
Top of the 3rd over - 0 run(s), 1 hit(s), 0 error(s), 1 left on base; Red Deer 0 - Balzac 2 |
BOTTOM OF THE 3RD |
Balzac Rams batting - Pitching for Red Deer Wranglers : RHP José Ramos
|
Batting: LHB Troy Jackson
|
0-0: Called Strike 0-1: Ground out U3 (Groundball, 34)
|
Batting: RHB Tommy Wilson
|
0-0: Foul Ball, location: 2F 0-1: Ball 1-1: Fly out, F9 (Flyball, 9LS)
|
Batting: RHB James Tucker
|
0-0: Ball 1-0: Foul Ball, location: 2F 1-1: Foul Ball, location: 2F 1-2: Ball 2-2: Foul Ball, location: 2F 2-2: Foul Ball, location: 2F 2-2: Ball 3-2: Strikes out swinging
|
Bottom of the 3rd over - 0 run(s), 0 hit(s), 0 error(s), 0 left on base; Red Deer 0 - Balzac 2 |
TOP OF THE 4TH |
Red Deer Wranglers batting - Pitching for Balzac Rams : RHP John Wells
|
Batting: LHB Fred Abrams
|
0-0: Called Strike 0-1: Foul Ball, location: 2F 0-2: Strikes out swinging
|
Batting: RHB Luis Ibarra
|
0-0: Swinging Strike 0-1: Swinging Strike 0-2: Foul Ball, location: 2F 0-2: Ball 1-2: Strikes out swinging
|
Batting: LHB Alejandro Rojas
|
0-0: SINGLE (Groundball, 56D)
|
Batting: SHB Robbie Rhodes
|
0-0: Ball 1-0: Foul Ball, location: 2F 1-1: Called Strike 1-2: Fly out, F7 (Flyball, 78S)
|
Top of the 4th over - 0 run(s), 1 hit(s), 0 error(s), 1 left on base; Red Deer 0 - Balzac 2 |
BOTTOM OF THE 4TH |
Balzac Rams batting - Pitching for Red Deer Wranglers : RHP José Ramos
|
Batting: LHB Carlos Romero
|
0-0: Swinging Strike 0-1: Ball 1-1: Ground out 4-3 (Groundball, 4)
|
Batting: RHB Brian Parks
|
0-0: Ball 1-0: Called Strike 1-1: SINGLE (Groundball, 6MD)
|
Batting: RHB Ricardo Muñóz
|
0-0: Ball 1-0: Ball 2-0: Swinging Strike 2-1: Grounds into double play, 5-4-3 (Groundball, 56)
|
Bottom of the 4th over - 0 run(s), 1 hit(s), 0 error(s), 0 left on base; Red Deer 0 - Balzac 2 |
TOP OF THE 5TH |
Red Deer Wranglers batting - Pitching for Balzac Rams : RHP John Wells
|
Batting: LHB Héctor Santos
|
0-0: Foul Ball, location: 2F 0-1: Ball 1-1: Ball 2-1: Foul Ball, location: 2F 2-2: Ball 3-2: Strikes out swinging
|
Batting: RHB Steve Burton
|
0-0: Foul Ball, location: 2F 0-1: Ball 1-1: Ball 2-1: Foul Ball, location: 2F 2-2: Ball 3-2: Base on Balls
|
Batting: RHB Xavier López
|
0-0: Called Strike Steve Burton steals 2nd base 0-1: Ball 1-1: Ball 2-1: Foul Ball, location: 2F 2-2: Ground out 5-3 (Groundball, 56)
|
Batting: LHB Jorge Olvera
|
0-0: Called Strike 0-1: Foul Ball, location: 2F 0-2: Ball 1-2: Ball 2-2: Foul Ball, location: 2F 2-2: Ball 3-2: Fly out, F8 (Flyball, 8RD)
|
Top of the 5th over - 0 run(s), 0 hit(s), 0 error(s), 1 left on base; Red Deer 0 - Balzac 2 |
BOTTOM OF THE 5TH |
Balzac Rams batting - Pitching for Red Deer Wranglers : RHP José Ramos
|
Batting: RHB Gerald Arnold
|
0-0: Swinging Strike 0-1: Ball 1-1: Called Strike 1-2: Ball 2-2: Strikes out swinging
|
Batting: RHB Santiago Rivera
|
0-0: SINGLE (Line Drive, 7LS)
|
Batting: RHB Luis Suárez
|
0-0: DOUBLE (Flyball, 9D) Santiago Rivera to third
|
Batting: LHB Troy Jackson
|
0-0: Ball 1-0: Ball Wild Pitch! Santiago Rivera scores Luis Suárez to third 2-0: Called Strike 2-1: Fly out, F8 (Flyball, 8LM) Runner from 3rd tags up, SCORES, no throw
|
Batting: RHB Tommy Wilson
|
0-0: Called Strike 0-1: Fly out, F6 (Line Drive, 6)
|
Bottom of the 5th over - 2 run(s), 2 hit(s), 0 error(s), 0 left on base; Red Deer 0 - Balzac 4 |
TOP OF THE 6TH |
Red Deer Wranglers batting - Pitching for Balzac Rams : RHP John Wells
|
Batting: RHB Paul Swift
|
0-0: Ball 1-0: Called Strike 1-1: Ball 2-1: Foul Ball, location: 2F 2-2: Ground out 6-3 (Groundball, 56)
|
Batting: LHB Fred Abrams
|
0-0: Ball 1-0: Ball 2-0: Called Strike 2-1: Ball 3-1: Foul Ball, location: 2F 3-2: Base on Balls
|
Batting: RHB Luis Ibarra
|
0-0: Called Strike 0-1: Called Strike 0-2: Fly out, F4 (Line Drive, 4)
|
Batting: LHB Alejandro Rojas
|
0-0: Ball Fred Abrams steals 2nd base 1-0: Called Strike 1-1: Ball 2-1: Ground out 6-3 (Groundball, 6)
|
Top of the 6th over - 0 run(s), 0 hit(s), 0 error(s), 1 left on base; Red Deer 0 - Balzac 4 |
BOTTOM OF THE 6TH |
Balzac Rams batting - Pitching for Red Deer Wranglers : RHP José Ramos
|
Batting: RHB James Tucker
|
0-0: Ball 1-0: Fly out, F8 (Flyball, 8LD)
|
Batting: LHB Carlos Romero
|
0-0: Ball 1-0: Called Strike 1-1: Called Strike 1-2: Ball 2-2: Ball 3-2: Base on Balls
|
Batting: RHB Brian Parks
|
0-0: Foul Ball, location: 2F 0-1: Fly out, F8 (Flyball, 8LD)
|
Batting: RHB Ricardo Muñóz
|
0-0: Called Strike 0-1: Swinging Strike 0-2: Ball 1-2: Foul Ball, location: 2F 1-2: Strikes out swinging
|
Bottom of the 6th over - 0 run(s), 0 hit(s), 0 error(s), 1 left on base; Red Deer 0 - Balzac 4 |
TOP OF THE 7TH |
Red Deer Wranglers batting - Pitching for Balzac Rams : RHP John Wells
|
Pitching: LHP Pedro Guerra
|
|
Batting: SHB Robbie Rhodes
|
0-0: Called Strike 0-1: Foul Ball, location: 2F 0-2: Strikes out looking
|
Batting: LHB Héctor Santos
|
0-0: Ball 1-0: Swinging Strike 1-1: Foul Ball, location: 2F 1-2: Fly out, F5 (Line Drive, 56)
|
Batting: RHB Steve Burton
|
0-0: Called Strike 0-1: Ball 1-1: Called Strike 1-2: Strikes out swinging
|
Top of the 7th over - 0 run(s), 0 hit(s), 0 error(s), 0 left on base; Red Deer 0 - Balzac 4 |
BOTTOM OF THE 7TH |
Balzac Rams batting - Pitching for Red Deer Wranglers : RHP José Ramos
|
Pitching: RHP Alex Phillips
|
|
Batting: RHB Gerald Arnold
|
0-0: Ball 1-0: Ball 2-0: Ball 3-0: Called Strike 3-1: Called Strike 3-2: Base on Balls
|
Batting: RHB Santiago Rivera
|
0-0: Ball 1-0: Swinging Strike 1-1: Ball Gerald Arnold steals 2nd base 2-1: Intentional Walk
|
Batting: RHB Luis Suárez
|
0-0: Called Strike 0-1: Sac Bunt - play at first, batter safe! Gerald Arnold to third Santiago Rivera to second
|
Pitching: LHP Macy Catron
|
|
Batting: LHB Troy Jackson
|
0-0: Foul Ball, location: 2F 0-1: Swinging Strike 0-2: SINGLE (Line Drive, 6MD) Gerald Arnold scores Santiago Rivera to third Luis Suárez to second
|
Pitching: RHP Alejandro Arriaza
|
|
Batting: RHB Tommy Wilson
|
0-0: Called Strike 0-1: Ball 1-1: Called Strike 1-2: Ball 2-2: Ball 3-2: Base on Balls Santiago Rivera scores Luis Suárez to third Troy Jackson to second
|
Batting: RHB James Tucker
|
0-0: Swinging Strike 0-1: Ball 1-1: Fly out, F7 (Flyball, 78M) Runner from 3rd tags up, SCORES, no throw
|
Batting: LHB Carlos Romero
|
0-0: Ball 1-0: Ball 2-0: Foul Ball, location: 2F 2-1: Ball 3-1: Foul Ball, location: 2F 3-2: Base on Balls Troy Jackson to third Tommy Wilson to second
|
Batting: RHB Brian Parks
|
0-0: Called Strike 0-1: SINGLE (Line Drive, 56) Troy Jackson scores Tommy Wilson to third Carlos Romero to second
|
Batting: RHB Ricardo Muñóz
|
0-0: Called Strike 0-1: Grounds into fielders choice 1-2 (Groundball, 13) Carlos Romero to third Brian Parks to second
|
Batting: RHB Gerald Arnold
|
0-0: Ground out 1-3 (Groundball, 13)
|
Bottom of the 7th over - 4 run(s), 3 hit(s), 0 error(s), 3 left on base; Red Deer 0 - Balzac 8 |
TOP OF THE 8TH |
Red Deer Wranglers batting - Pitching for Balzac Rams : LHP Pedro Guerra
|
Batting: RHB Xavier López
|
0-0: Called Strike 0-1: Called Strike 0-2: Ball 1-2: Foul Ball, location: 2F 1-2: Strikes out swinging
|
Batting: LHB Jorge Olvera
|
0-0: Foul Ball, location: 2F 0-1: Swinging Strike 0-2: Ball 1-2: Ball 2-2: Foul Ball, location: 2F 2-2: Ball 3-2: Base on Balls
|
Pitching: LHP Nick Johnson
|
|
Batting: RHB Paul Swift
|
0-0: Called Strike 0-1: Foul Ball, location: 2F 0-2: Fly out, F8 (Flyball, 8RM)
|
Batting: LHB Fred Abrams
|
0-0: Called Strike 0-1: Ball 1-1: Foul Ball, location: 2F 1-2: 2-RUN HOME RUN (Flyball, 89XD), Distance : 430 ft
|
Batting: RHB Luis Ibarra
|
0-0: Swinging Strike 0-1: SINGLE (Flyball, 78S)
|
Batting: LHB Alejandro Rojas
|
0-0: Ball 1-0: Ball 2-0: Swinging Strike 2-1: Ball 3-1: Swinging Strike 3-2: Strikes out swinging
|
Top of the 8th over - 2 run(s), 2 hit(s), 0 error(s), 1 left on base; Red Deer 2 - Balzac 8 |
BOTTOM OF THE 8TH |
Balzac Rams batting - Pitching for Red Deer Wranglers : RHP Alejandro Arriaza
|
Batting: RHB Santiago Rivera
|
0-0: Ball 1-0: Foul Ball, location: 2F 1-1: Ground out 6-3 (Groundball, 6S)
|
Batting: RHB Luis Suárez
|
0-0: Foul Ball, location: 2F 0-1: Foul Ball, location: 2F 0-2: Strikes out swinging
|
Batting: LHB Troy Jackson
|
0-0: Foul Ball, location: 2F 0-1: Swinging Strike 0-2: Ball 1-2: Strikes out swinging
|
Bottom of the 8th over - 0 run(s), 0 hit(s), 0 error(s), 0 left on base; Red Deer 2 - Balzac 8 |
TOP OF THE 9TH |
Red Deer Wranglers batting - Pitching for Balzac Rams : LHP Nick Johnson
|
Batting: SHB Robbie Rhodes
|
0-0: Called Strike 0-1: Foul Ball, location: 2F 0-2: Ball 1-2: Foul Ball, location: 2F 1-2: Foul Ball, location: 2F 1-2: Strikes out swinging
|
Batting: LHB Héctor Santos
|
0-0: Ball 1-0: Foul Ball, location: 2F 1-1: Foul Ball, location: 2F 1-2: SINGLE (Groundball, 4MD)
|
Batting: RHB Steve Burton
|
0-0: Foul Ball, location: 2F 0-1: Swinging Strike 0-2: Ball 1-2: Fly out, F7 (Flyball, 7LS)
|
Batting: RHB Xavier López
|
0-0: Called Strike 0-1: Ball 1-1: Foul Ball, location: 2F 1-2: Foul Ball, location: 2F 1-2: Fielders Choice at 2nd, U6 (Groundball, 6M)
|
Top of the 9th over - 0 run(s), 1 hit(s), 0 error(s), 1 left on base; Red Deer 2 - Balzac 8 |
|